AoeStats
← nolafraneckicpequ

Fortress

510959641Analyzed
1v1 RM · 14h ago on Oct 3, 2026· 25m 11s· 2 players
Game mode
Random Map
Map size
Small (3 player)
Population
200
Speed
Normal
Resources
Standard
Victory
Conquest
Starting age
Dark Age
Ending age
Imperial Age
RankedLock teamsTeams togetherTeam positionsShared explorationLock speedFull tech treeHidden civsTurbo modeCheats
Victory
Defeat
🇨🇳 Tatars · China
821
+34
🇨🇳 Bohemians · China
771
-14
shelvey
6:41 Feudal Age
10:51 Castle Age
13:02 Double-Bit Axe
17:25 Loom
19:04 Horse Collar
nolafraneckicpequ
7:43 Feudal Age
8:45 Horse Collar
9:51 Loom
12:29 Castle Age
11:14 Gold Mining
11:15 Double-Bit Axe
14:52 Forging
15:20 Bow Saw
18:06 Bloodlines
19:58 Heavy Plow
22:54 Scale Barding Armor
24:47 Husbandry
26:18 Wheelbarrow
25:29 Town Watch
Connection lost

Rejoining the realm…

Still unreachable

The connection could not be restored.

Session expired

The server has moved on; the page needs a fresh start.